 Dungeon Crawl Stone Soup version 0.31-a0-231-g51bb95cda3 (webtiles) character file.

Game seed: 5596531008715080719

64 qw the Shooter (level 4, -1/26 HPs)
             Began as a Gargoyle Hexslinger on July 6, 2023.
             Slain by a gnoll sergeant
             ... wielding a +0 spear
              (5 damage)
             ... on level 3 of the Dungeon.
             The game lasted 00:00:41 (1694 turns).

qw the Shooter (Gargoyle Hexslinger)                Turns: 1694, Time: 00:00:41

Health: -1/26      AC:  9    Str: 11    XL:     4   Next: 12%
Magic:  5/5        EV: 10    Int: 14    God:
Gold:   61         SH:  0    Dex: 14    Spells: 4/5 levels left

rFire   . . .        Y - +1 sling
rCold   . . .        (no shield)
rNeg    + . .        f - +0 ring mail
rPois   inf          (no helmet)
rElec   +            (no cloak)
rCorr   .            (no gloves)
SInv    .            d - +0 pair of boots
Will    .....        (no amulet)
Stlth   +            (no ring)
HPRegen 0.24/turn    (no ring)
MPRegen 0.09/turn

%: no passive effects
@: no status effects
A: sickness immunity, AC +3, negative energy resistance 1, electricity
resistance, torment resistance 1, petrification resistance
a: no special abilities


You were on level 3 of the Dungeon.
You visited 1 branch of the dungeon, and saw 3 of its levels.

You collected 149 gold pieces.
You spent 88 gold pieces at shops.


Innate Abilities, Weirdness & Mutations

You are immune to sickness and miasma.
Your stone body is resilient. (AC +3)
You are immune to poison.
You resist negative energy. (rN+)
You are resistant to electric shocks. (rElec)
You are resistant to unholy torment.
You are immune to petrification.


   Skills:
 - Level 2.0 Fighting
 + Level 3.7 Ranged Weapons
 - Level 1.0 Armour
 - Level 1.5 Dodging
 - Level 1.0 Spellcasting
 - Level 2.6 Hexes


You had 4 spell levels left.
You knew the following spells:

 Your Spells              Type           Power      Damage    Failure   Level
a - Slow                  Hex            32%        N/A       21%         1

Your spell library contained the following spells:

 Spells                   Type           Power      Damage    Failure   Level
 Inner Flame              Hex/Fire       4%         N/A       71%         3
 Portal Projectile        Hex/Tloc       8%         N/A       71%         3
 Cause Fear               Hex            4%         N/A       90%         4

Inventory:

Hand Weapons
 Y - a +1 sling (weapon)
Armour
 d - a +0 pair of boots (worn)
 f - a +0 ring mail (worn)
Scrolls
 b - 4 scrolls of identify
Potions
 e - a potion of haste

Dungeon Overview and Level Annotations

Branches:
Dungeon (3/15)

Altars:
Gozag

Shops:
D:2 ?


Message History

A gnoll sergeant and 4 gnolls come into view.
The gnoll shouts!
The gnoll sergeant shouts!
The gnoll shouts! x2
You hear a shout! x2
A gnoll comes into view. It is wielding a +0 whip.
An orc comes into view. It is wielding a +0 hand axe.
The gnoll moves out of view.
The gnoll sergeant moves out of view.
Found a whip.
Enter note:
Enter note:
Enter note:
Enter note:
Enter note:
Enter note:
Enter note:
Enter note:
Enter note:
1688 ||| Stepping ~*~*~tactically~*~*~ (outnumbered).
You shoot a sling bullet. The sling bullet hits the gnoll.
The gnoll is moderately wounded.
The gnoll hits you with a +0 flail!
You shoot a sling bullet. The sling bullet hits the gnoll.
The gnoll is severely wounded.
The gnoll misses you. The gnoll barely misses you.
You shoot a sling bullet.
The sling bullet barely misses the gnoll.
The gnoll barely misses you.
The gnoll hits you from afar with a +0 spear.
You shoot a sling bullet. The sling bullet hits the gnoll.
The gnoll is severely wounded.
The gnoll hits you with a +0 flail! The gnoll closely misses you.
The gnoll sergeant barely misses you.
You shoot a sling bullet.
The sling bullet closely misses the gnoll.
The gnoll hits you with a +0 flail! The gnoll barely misses you.
The gnoll sergeant hits you but does no damage.
You shoot a sling bullet. The sling bullet hits the gnoll.
You kill the gnoll!
The gnoll closely misses you.
The gnoll sergeant hits you from afar with a +0 spear.
You die...

~~~~~~....~~~~~~~
~~~~~~....~~~~~~~
~~~~~~....~~~~~~~
.................
#####''''#######
#....# #....#
#....# #..)@#
#....#
+..ggg..ggo.
+...g'......
#8..8#.....)
############


You could see a gnoll sergeant and 3 gnolls.

Vanquished Creatures
  A gnoll (D:3)
  2 adders
  A worm (D:2)
  2 orcs (D:3)
  4 ball pythons
  An endoplasm (D:1)
  A goblin (D:3)
  3 hobgoblins
  11 jackals
  5 bats
  4 frilled lizards
  4 kobolds
  2 rats
41 creatures vanquished.

Notes
Turn   | Place    | Note
-------+----------+-------------------------------------------
     0 | D:1      | qw the Gargoyle Hexslinger began the quest for the Orb.
     0 | D:1      | Reached XP level 1. HP: 12/12 MP: 2/2
     0 | D:1      | 0 ||| qw: Version: 0.3-a-46-gb1f654a
     0 | D:1      | 0 ||| qw: Game counter: 1926
     0 | D:1      | 0 ||| qw: Melee chars always use a shield: true
     0 | D:1      | 0 ||| qw: God list: Okawaru
     0 | D:1      | 0 ||| qw: Allow faded altars: false
     0 | D:1      | 0 ||| qw: Do Orc after clearing Dungeon:15 true
     0 | D:1      | 0 ||| qw: Do second Lair branch before Depths: true
     0 | D:1      | 0 ||| qw: Lair rune preference: random
     0 | D:1      | 0 ||| qw: Goals: Normal
     0 | D:1      | 0 ||| PLANNING D:1-11
   253 | D:1      | Reached XP level 2. HP: 16/16 MP: 3/3
   397 | D:1      | 397 ||| UPGRADING to +0 pair of boots.
   402 | D:1      | 402 ||| READING scroll labelled JANESMA TAZETU.
   403 | D:1      | 403 ||| READING scroll labelled TAUKHAENGAE.
   404 | D:1      | 404 ||| DRINKING 2 purple potions.
   405 | D:1      | 405 ||| DROPPING scroll of poison.
   406 | D:1      | 406 ||| DROPPING potion of invisibility.
   440 | D:2      | 440 ||| STAIRDANCE
   452 | D:1      | Reached skill level 3 in Ranged Weapons
   574 | D:2      | Reached XP level 3. HP: 16/21 MP: 4/4
   691 | D:2      | Found an opulent altar of Gozag.
   875 | D:2      | Found Puqyozyw's Magic Scroll Emporium.
   881 | D:2      | 881 ||| SHOPLISTING scroll of acquirement (572 gold, have
                  | 97).
   881 | D:2      | 881 ||| BUYING scroll of identify (22 gold).
   881 | D:2      | Bought a scroll of identify for 22 gold pieces
   881 | D:2      | 881 ||| BUYING scroll of identify (22 gold).
   881 | D:2      | Bought a scroll of identify for 22 gold pieces
   881 | D:2      | 881 ||| BUYING scroll of identify (22 gold).
   881 | D:2      | Bought a scroll of identify for 22 gold pieces
   881 | D:2      | 881 ||| BUYING scroll of identify (22 gold).
   881 | D:2      | Bought a scroll of identify for 22 gold pieces
   881 | D:2      | 881 ||| SHOPLISTING scroll of teleportation (33 gold, have
                  | 9).
  1334 | D:2      | 1334 ||| UPGRADING to +0 leather armour.
  1344 | D:2      | 1344 ||| DROPPING +0 robe.
  1345 | D:2      | 1345 ||| UPGRADING to +0 ring mail.
  1355 | D:2      | 1355 ||| DROPPING +0 leather armour.
  1356 | D:2      | 1356 ||| READING 4 scrolls of identify.
  1356 | D:2      | 1356 ||| IDENTIFYING yellow potion
  1569 | D:3      | Reached skill level 1 in Armour
  1613 | D:3      | Reached XP level 4. HP: 26/26 MP: 5/5
  1687 | D:3      | Noticed a gnoll sergeant
  1688 | D:3      | 1688 ||| Stepping ~*~*~tactically~*~*~ (outnumbered).
  1693 | D:3      | HP: 4/26 [gnoll/+0 flail (8)]
  1694 | D:3      | Slain by a gnoll sergeant

Levels and vault maps discovered:
D:1:      saegor_arrival_simple_d, layout_basic
D:2:      layout_loops_corners, basic_altar, serial_shops, nicolae_shop_trees
D:3:      lemuel_castle_with_subvaults [lemuel_castle_interior_carwin_2],
          layout_basic, nicolae_overflow_hidden_temple, serial_shops,
          nicolae_shop_bloodbath_and_beyond

Skill      XL: |  1  2  3 |
---------------+----------+-----
Ranged Weapons | 3 |  3.7
Fighting       | 2 |  2.0
Armour         | 1 |  1.0
Dodging        | |  1.5
Spellcasting   | |  1.0
Hexes          | |  2.6

Action                     |  1- 3 |  4- 6 || total
---------------------------+-------+-------++-------
   Fire: Sling             |   139 |    28 ||   167
    Use: Scroll            |     3 |       ||     3
         Potion            |     1 |       ||     1
 Armour: Robe              |    17 |       ||    17
         Ring mail         |    12 |    16 ||    28
  Dodge: Dodged            |    53 |    27 ||    80

Table legend:
 A = Non-vault XP
 B = Vault XP
 C = Vault XP percentage of total XP
 D = Non-vault monster count
 E = Vault monster count
 F = Vault count percentage of total count
                 A         B        C        D         E       F
            +---------+---------+-------+---------+---------+-------
      Total |      78 |      28 |  26.4 |      34 |       7 |  17.1
            +---------+---------+-------+---------+---------+-------
        D:1 |      26 |       0 |   0.0 |      11 |       0 |   0.0
        D:2 |      35 |       0 |   0.0 |      13 |       0 |   0.0
        D:3 |      17 |      28 |  62.2 |      10 |       7 |  41.2
            +---------+---------+-------+---------+---------+-------
